Map: Ruins of Seras

Players

NightEnD - Winner!

  • Race: Protoss Protoss

starkiller

  • Race: Zerg Zerg
  • League: Master

Event: Gauntlet LotV Series 1 Qualifier 1

VOD

Have the link to the VOD?

Description

Time

  • Played on: Nov. 22, 2015, 4:27 p.m.
  • Length: 14:38

All games in this series

Show
View Real Time Build Order
Export as new Build Order

NightEnD Protoss - Winner!

Build Orders: 1 Gate Expand, Oracle Opening 

Get SALT Encoding   

  12  0:00  Probe (Chrono Boost)  
  13  0:11  Probe (Chrono Boost)  
  14  0:22  Probe (Chrono Boost)  
  15  0:29  Pylon  
  15  0:47  Probe (Chrono Boost)  
  16  0:54  Gateway  
  16  0:58  Probe (Chrono Boost)  
  17  1:08  Probe (Chrono Boost)  
  18  1:14  Assimilator  
  18  1:19  Probe (Chrono Boost)  
  19  1:29  Probe (Chrono Boost)  
  19  1:31  Nexus  
  20  1:40  Probe (Chrono Boost)  
  20  1:46  Cybernetics Core  
  21  1:50  Probe (Chrono Boost)  
  22  1:56  Pylon  
  22  2:01  Assimilator  
  22  2:02  Probe (Chrono Boost)  
  23  2:14  Probe (Chrono Boost)  
  24  2:22  Stalker (Chrono Boost)  
  26  2:25  Probe  
  27  2:30  Warp Gate  
  27  2:37  Probe  
  27  2:42  Probe, Pylon  
  29  2:51  Stargate  
  29  2:52  Probe  
  29  2:53  Probe  
  31  2:59  Adept (Chrono Boost)  
  31  3:04  Probe x2  
  35  3:16  Mothership Core, Probe  
  35  3:19  Pylon  
  36  3:21  Pylon  
  36  3:25  Pylon  
  36  3:29  Adept (Chrono Boost)  
  38  3:37  Probe  
  39  3:44  Probe, Oracle  
  43  3:59  Pylon  
  43  4:07  Probe  
  43  4:08  Probe  
  39  4:12  Pylon  
  17  4:25  Probe  
  17  4:26  Probe  
  18  4:35  Probe  
  18  4:37  Oracle (Chrono Boost)  
  23  4:38  Probe  
  23  4:47  Probe  
  24  4:53  Probe  
  24  4:59  Probe  
  26  5:05  Probe  
  26  5:06  Adept  
  29  5:17  Probe  
  28  5:27  Pylon  
  28  5:29  Adept  
  28  5:30  Probe  
  31  5:41  Probe  
  31  5:42  Probe  
  32  6:04  Probe x2  
  33  6:16  Probe x2 (Chrono Boost)  
  34  6:19  Adept  
  34  6:27  Probe (Chrono Boost)  
  34  6:28  Probe (Chrono Boost)  
  35  6:38  Probe x2 (Chrono Boost)  
  37  6:42  Oracle (Chrono Boost)  
  40  6:48  Probe (Chrono Boost)  
  40  6:49  Probe (Chrono Boost)  
  41  7:00  Probe (Chrono Boost)  
  43  7:01  Probe (Chrono Boost)  
  43  7:11  Probe (Chrono Boost)  
  43  7:12  Oracle  
  43  7:13  Probe (Chrono Boost)  
  45  7:21  Probe (Chrono Boost)  
  49  7:25  Probe (Chrono Boost)  
  50  7:32  Probe (Chrono Boost)  
  50  7:36  Gateway  
  50  7:37  Gateway, Probe (Chrono Boost)  
  52  7:39  Gateway  
  52  7:49  Oracle  
  52  7:50  Probe (Chrono Boost)  
  57  7:56  Probe (Chrono Boost)  
  57  8:10  Probe (Chrono Boost)  
  57  8:11  Probe (Chrono Boost)  
  59  8:15  Assimilator  
  59  8:19  Assimilator  
  59  8:20  Probe (Chrono Boost)  
  59  8:23  Probe (Chrono Boost), Robotics Facility  
  61  8:31  Probe (Chrono Boost)  
  61  8:32  Nexus  
  63  8:35  Probe (Chrono Boost), Pylon x2  
  63  8:37  Pylon  
  63  8:41  Probe (Chrono Boost)  
  64  8:50  Probe (Chrono Boost)  
  65  8:55  Adept x2  
  65  8:56  Adept x2  
  73  9:10  Probe (Chrono Boost)  
  74  9:17  Adept x4  
  80  9:35  Pylon  
  73  9:46  Adept x3  
  73  9:47  Adept  
  72  10:07  Adept x4  
  72  10:09  Observer (Chrono Boost)  
  74  10:29  Pylon  
  74  10:30  Pylon  
  74  10:37  Pylon  
  74  10:41  Twilight Council, Nexus  
  74  10:42  Forge  
  74  10:43  Pylon x2  
  74  10:45  Pylon  
  74  10:46  Probe  
  74  10:47  Probe  
  76  10:59  Adept x4  
  76  11:03  Immortal (Chrono Boost)  
  88  11:05  Robotics Bay  
  88  11:13  Gateway x2  
  88  11:20  Gateway  
  88  11:21  Gateway  
  88  11:22  Protoss Ground Weapons Level 1  
  88  11:27  Stalker x2  
  88  11:28  Stalker  
  94  11:39  Stalker  
  83  11:52  Stalker x3  
  89  11:58  Disruptor (Chrono Boost)  
  87  12:03  Blink (Chrono Boost)  
  87  12:08  Stalker  
  92  12:10  Probe x2  
  94  12:28  Disruptor  
  94  12:33  Stalker x4  
  105  12:39  Stalker  
  107  12:47  Stalker x2  
  111  12:57  Pylon  
  111  12:59  Warp Prism  
  111  13:00  Pylon  
  111  13:03  Gravitic Drive (Chrono Boost)  
  113  13:16  Stalker x2  
  113  13:17  Stalker x2  
  121  13:51  Stalker  
  121  13:52  Stalker x6  
  135  14:18  Stalker  
  135  14:19  Stalker x2  
  135  14:24  Stalker  
  140  14:25  Stalker  
  123  14:32  Stalker x2  
Show
View Real Time Build Order
Export as new Build Order

starkiller Zerg 

Build Orders: Pool First 

Get SALT Encoding   

  12  0:01  Drone  
  13  0:12  Overlord  
  13  0:18  Drone  
  14  0:26  Overlord  
  14  0:31  Drone  
  15  0:36  Extractor  
  15  0:37  Drone  
  15  0:52  Spawning Pool  
  15  0:55  Drone  
  15  1:06  Drone  
  16  1:27  Hatchery  
  15  1:39  Metabolic Boost  
  15  1:47  Queen  
  15  1:52  Zergling x2  
  18  1:56  Zergling x2  
  18  1:59  Zergling x2  
  20  2:06  Zergling x2  
  21  2:14  Zergling x2  
  22  2:31  Zergling x2  
  22  2:36  Zergling x2  
  24  2:39  Zergling x2  
  25  2:49  Zergling x2  
  26  2:52  Zergling x2  
  26  2:56  Zergling x6  
  30  3:01  Zergling x4  
  32  3:14  Burrow  
  31  3:25  Zergling x8  
  31  3:26  Zergling x2  
  34  3:38  Zergling x4  
  35  3:41  Zergling x2  
  35  3:53  Zergling x6  
  35  3:55  Zergling x2  
  36  4:01  Zergling x2  
  35  4:14  Zergling x4  
  34  4:19  Zergling x4  
  34  4:30  Drone  
  34  4:31  Drone x2  
  36  4:36  Zergling x2  
  36  4:37  Zergling x2  
  34  4:42  Drone  
  34  4:54  Drone  
  34  4:58  Drone  
  33  5:07  Zergling x2  
  33  5:08  Zergling x2  
  28  5:22  Zergling x6  
  28  5:26  Queen, Zergling x4  
  28  5:28  Overlord  
  34  5:43  Spore Crawler  
  34  5:44  Spore Crawler  
  34  5:46  Drone x3  
  34  5:48  Drone  
  31  6:23  Drone x6  
  37  6:28  Drone  
  37  6:29  Drone x2  
  37  6:31  Drone  
  41  6:35  Drone  
  41  6:38  Lair, Extractor  
  41  6:41  Evolution Chamber  
  41  6:42  Roach Warren  
  38  6:53  Drone  
  38  6:54  Drone x2  
  38  6:56  Drone  
  38  7:00  Extractor  
  38  7:01  Drone  
  39  7:07  Zerg Missile Weapons Level 1  
  39  7:12  Drone x5  
  39  7:14  Overlord x2  
  41  7:27  Roach  
  41  7:29  Overlord  
  43  7:31  Overlord x2  
  43  7:45  Glial Reconstitution  
  43  7:50  Roach x6  
  43  7:51  Queen  
  55  7:54  Roach  
  49  8:08  Drone x2  
  49  8:09  Roach x3  
  49  8:11  Roach  
  59  8:14  Drone  
  59  8:15  Drone x2  
  59  8:17  Drone  
  63  8:22  Drone  
  64  8:30  Roach  
  64  8:32  Roach  
  68  8:38  Roach  
  70  8:45  Roach  
  72  8:49  Roach  
  72  8:52  Roach  
  72  8:54  Ravager  
  72  8:55  Hatchery, Ravager x2  
  78  8:57  Roach  
  78  9:01  Roach  
  78  9:11  Spore Crawler  
  72  9:25  Roach x5  
  80  9:31  Roach x4  
  80  9:32  Roach x3  
  80  9:38  Spore Crawler  
  65  9:58  Roach x3  
  61  10:02  Roach x6  
  58  10:29  Drone x4  
  62  10:36  Spore Crawler, Roach x4  
  62  10:38  Drone  
  62  10:39  Spore Crawler  
  69  10:48  Drone x2  
  69  10:49  Drone  
  72  10:52  Spore Crawler  
  69  10:57  Roach x3  
  69  11:04  Zerg Missile Weapons Level 2  
  73  11:07  Drone  
  73  11:10  Drone  
  75  11:12  Drone  
  75  11:13  Drone  
  78  11:18  Ravager  
  78  11:19  Ravager  
  78  11:21  Ravager x2  
  81  11:29  Roach  
  81  11:30  Roach x2  
  87  11:34  Roach x5  
  57  11:56  Drone x2  
  57  11:57  Drone x11  
  57  12:01  Queen  
  64  12:02  Queen  
  68  12:10  Evolution Chamber  
  68  12:12  Extractor  
  68  12:15  Roach x4  
  74  12:28  Hatchery  
  73  12:32  Roach  
  73  12:33  Roach x3  
  81  12:37  Zerg Ground Armor Level 1  
  83  12:58  Roach x4  
  89  13:08  Overlord x4  
  89  13:12  Drone  
  90  13:14  Overlord  
  90  13:20  Overlord x2  
  90  13:25  Queen  
  92  13:27  Drone  
  92  13:28  Drone x8  
  92  13:31  Roach  
  92  13:32  Roach  
  105  13:36  Roach x2  
  105  13:38  Roach  
  105  13:39  Roach  
  113  13:42  Roach  
  115  13:48  Roach  
  115  13:52  Spore Crawler, Queen  
  115  13:55  Spore Crawler  
  117  13:56  Roach x2  
  117  13:58  Roach  
  125  14:02  Roach  
  125  14:03  Roach  
  125  14:04  Roach  
  125  14:09  Roach x2  
Tags
 
Add a new tag
Caveats
  • Supply blocks, unpowered buildings, or Contaminate may cause inaccurate times.
  • Supply counts are checked every 10 seconds.